AoeStats
← Alaz

Black Forest

510826559Analyzed
4v4 RM · 11h ago on Oct 2, 2026· 82m 53s· 8 players
Game mode
Random Map
Map size
Large (8 player)
Population
200
Speed
Normal
Resources
Standard
Victory
Conquest
Starting age
Dark Age
Ending age
Imperial Age
RankedLock teamsTeams togetherTeam positionsShared explorationLock speedFull tech treeHidden civsTurbo modeCheats
Victory
Defeat
🇸🇪 Malay · Sweden
851
+15
🇷🇺 Saxons · Russia
817
+16
🇬🇧 Bohemians · United Kingdom
791
+17
🇹🇷 Ethiopians · Türkiye
757
+19
🇲🇽 Japanese · Mexico
847
-18
🇺🇸 Vietnamese · United States
832
-17
🇺🇸 Turks · United States
805
-16
🇪🇸 Britons · Spain
800
-16
yenejaque
11:10 Feudal Age
16:16 Horse Collar
21:45 Castle Age
20:00 Fletching
20:18 Stone Mining
20:30 Gold Mining
21:03 Padded Archer Armor
22:51 Double-Bit Axe
23:34 Caravan
24:26 Bow Saw
26:15 Gold Shaft Mining
26:59 Bodkin Arrow
28:30 Ballistics
33:26 Imperial Age
32:31 Wheelbarrow
32:19 Leather Archer Armor
32:59 Yeomen
33:31 Elite Longbowman
36:38 Two-Man Saw
35:46 Warwolf
36:07 Hand Cart
37:06 Bracer
38:10 Chemistry
38:00 Ring Archer Armor
39:37 Forging
40:47 Husbandry
40:12 Light Cavalry
40:25 Cavalier
43:05 Iron Casting
44:58 Blast Furnace
43:59 Scale Mail Armor
44:17 Scale Barding Armor
50:23 Chain Barding Armor
50:54 Capped Ram
50:57 Onager
64:08 Pikeman
64:50 Squires
64:37 Gambesons
MousePuddles
0:28 Loom
15:36 Feudal Age
16:10 Double-Bit Axe
16:07 Horse Collar
16:25 Gold Mining
21:01 Fletching
24:08 Castle Age
22:51 Fishing Lines
26:41 Caravan
27:22 Gold Shaft Mining
29:16 Wheelbarrow
28:27 Town Watch
34:28 Imperial Age
34:47 Hand Cart
34:32 Town Patrol
37:35 Bodkin Arrow
37:46 Scale Barding Armor
37:52 Forging
40:19 Artillery
raul_ruizv
2:25 Loom
12:17 Feudal Age
12:52 Double-Bit Axe
14:48 Horse Collar
21:12 Wheelbarrow
23:14 Castle Age
21:59 Arson
22:47 Man-at-Arms
23:36 Stone Mining
23:41 Gold Mining
23:57 Heavy Plow
24:09 Bow Saw
26:28 Pikeman
26:29 Long Swordsman
26:55 Gambesons
27:10 Squires
27:14 Scale Mail Armor
27:32 Forging
30:45 Fletching
31:01 Scale Barding Armor
32:29 Gold Shaft Mining
34:01 Yasama
34:03 Guard Tower
34:34 Ballistics
34:11 Bodkin Arrow
38:55 Chain Barding Armor
38:51 Chain Mail Armor
39:11 Iron Casting
38:44 Thumb Ring
44:58 Imperial Age
45:55 Bracer
46:56 Blast Furnace
46:27 Plate Mail Armor
47:02 Chemistry
46:37 Keep
45:48 Arrowslits
46:33 Elite Samurai
47:35 Block Printing
47:46 Illumination
48:01 Theocracy
47:39 Fervor
47:53 Heavy Cavalry Archer
49:02 Parthian Tactics
49:10 Caravan
50:27 Halberdier
65:38 Redemption
brad
5:42 Loom
11:33 Feudal Age
13:54 Double-Bit Axe
17:01 Castle Age
16:11 Horse Collar
18:28 Bow Saw
18:21 Heavy Plow
25:40 Gold Mining
25:41 Stone Mining
27:28 Wheelbarrow
26:40 Town Watch
26:47 Treadmill Crane
27:16 Caravan
28:02 Stone Shaft Mining
28:04 Hand Cart
32:04 Imperial Age
34:11 Chemistry
32:40 Onager
33:43 Fletching
33:53 Padded Archer Armor
35:14 Elite Skirmisher
36:04 Thumb Ring
35:20 Crossbowman
36:54 Guilds
37:16 Coinage
37:51 Two-Man Saw
37:23 Crop Rotation
36:30 Imperial Skirmisher
36:31 Arbalester
37:08 Bodkin Arrow
37:28 Leather Archer Armor
37:44 Ballistics
37:36 Fortified Wall
39:08 Bracer
39:38 Ring Archer Armor
39:33 Bombard Tower
Rude_Boy_Stig
14:59 Feudal Age
14:40 Double-Bit Axe
14:52 Fishing Lines
23:27 Castle Age
21:46 Loom
22:56 Gillnets
24:33 Bow Saw
24:04 Horse Collar
24:15 Gold Mining
24:17 Stone Mining
24:19 Fletching
26:07 Caravan
27:54 Scale Barding Armor
27:59 Forging
27:45 Bodkin Arrow
30:49 Imperial Age
28:46 Town Watch
29:39 Wheelbarrow
29:11 Heavy Plow
29:33 Husbandry
30:16 Iron Casting
29:54 Masonry
30:04 Elite Battle Elephant
32:32 Conscription
32:23 Forced Levy
33:30 Chemistry
33:11 Gold Shaft Mining
35:34 Blast Furnace
34:04 Man-at-Arms
34:45 Squires
34:32 Arson
37:18 Siege Engineers
37:35 Ballistics
37:18 Bracer
37:48 Guilds
39:10 Crop Rotation
39:01 Hand Cart
38:15 Long Swordsman
38:52 Two-Handed Swordsman
51:05 Town Patrol
63:09 Elite Karambit Warrior
81:50 Spies/Treason
Burum
5:05 Loom
11:22 Feudal Age
12:47 Double-Bit Axe
15:26 Horse Collar
20:00 Castle Age
20:36 Forging
20:26 Scale Mail Armor
31:32 Wheelbarrow
30:49 Town Watch
33:14 Iron Casting
32:55 Chain Mail Armor
33:28 Clerical Recruitment
37:39 Imperial Age
36:57 Ballistics
37:38 Hand Cart
37:24 Town Patrol
37:38 Bow Saw
37:35 Heavy Plow
39:23 Fletching
39:01 Elite Hearth Troop
41:03 Plate Mail Armor
40:30 Bodkin Arrow
41:20 Elite Skirmisher
43:47 Bracer
44:50 Elite Skirmisher
47:06 Two-Man Saw
47:51 Elite Skirmisher
52:09 Man-at-Arms
52:34 Gambesons
52:56 Padded Archer Armor
53:14 Long Swordsman
54:52 Leather Archer Armor
56:04 Chemistry
55:04 Murder Holes
55:04 Two-Handed Swordsman
56:41 Ring Archer Armor
56:26 Champion
70:02 Bloodlines
69:56 Husbandry
69:17 Light Cavalry
71:18 Crop Rotation
77:38 Gold Mining
fred.ferrone
0:35 Loom
13:06 Feudal Age
15:07 Fishing Lines
19:43 Castle Age
18:38 Double-Bit Axe
20:46 Wheelbarrow
26:53 Bow Saw
26:27 Horse Collar
27:53 Hand Cart
30:24 Heavy Plow
33:47 Imperial Age
33:25 Chemistry
34:04 Caravan
34:47 Wagenburg Tactics
35:36 Siege Engineers
35:42 Masonry
35:28 Murder Holes
35:44 Fortified Wall
39:35 Houfnice
39:36 Heavy Scorpion
45:45 Elite Hussite Wagon
53:41 Capped Ram
75:56 Onager
77:11 Architecture
77:02 Ballistics
77:15 Coinage
76:35 Town Watch
76:23 Sappers
77:14 Conscription
78:40 Squires
78:26 Arson
78:01 Pikeman
80:12 Hussite Reforms
79:29 Spies/Treason
79:38 Spies/Treason
80:21 Town Patrol
80:54 Banking
80:34 Guilds
80:28 Atonement
80:39 Redemption
80:40 Fervor
81:12 Sanctity
80:53 Devotion
81:18 Illumination
81:06 Careening
80:58 Guard Tower
80:54 Arrowslits
81:29 Bombard Tower
81:20 Clinker Construction
81:16 Siphons
81:38 Husbandry
80:58 Cavalier
81:01 Elite Skirmisher
81:01 Crossbowman
81:05 Halberdier
82:10 Arbalester
82:14 Man-at-Arms
Alaz
10:00 Feudal Age
10:26 Double-Bit Axe
12:42 Loom
15:08 Fishing Lines
17:53 Castle Age
18:55 Bow Saw
19:48 Gillnets
22:07 Wheelbarrow
25:01 Hand Cart
24:31 Town Watch
24:42 Stone Mining
24:42 Gold Mining
27:11 Fletching
27:21 Padded Archer Armor
27:48 Town Patrol
28:27 Royal Heirs
28:55 Bodkin Arrow
29:15 Leather Archer Armor
33:12 Imperial Age
31:42 Ballistics
32:27 Forging
32:22 Scale Barding Armor
34:13 Bracer
34:43 Ring Archer Armor
34:50 Iron Casting
34:35 Chain Barding Armor
35:19 Two-Man Saw
35:30 Chemistry
35:13 Torsion Engines
37:37 Conscription
37:27 Siege Engineers
38:27 Blast Furnace
39:46 Caravan
40:16 Coinage
39:56 Guilds
39:53 Crossbowman
40:39 Thumb Ring
39:58 Elite Skirmisher
40:32 Arbalester
45:05 Heavy Camel Rider
45:46 Husbandry
53:50 Onager
56:35 Light Cavalry
58:02 Siege Onager
61:46 Hussar
64:16 Horse Collar
65:10 Banking
71:36 Heavy Plow
Connection lost

Rejoining the realm…

Still unreachable

The connection could not be restored.

Session expired

The server has moved on; the page needs a fresh start.